 Dungeon Crawl Stone Soup version 0.29.1-1-gd02db6906a (webtiles) character file.

Game seed: 11049456776498917891

1963 mortz the Thaumaturge (level 9, -3/46 HPs)
             Began as a Deep Elf Conjurer on Oct 4, 2022.
             Was an Initiate of Vehumet.
             Killed from afar by an electric eel (12 damage)
             ... with a bolt of electricity
             ... on level 7 of the Dungeon on Oct 6, 2022.
             The game lasted 00:37:23 (7995 turns).

mortz the Thaumaturge (Deep Elf Conjurer)           Turns: 7995, Time: 00:37:23

Health: -3/46      AC:  8    Str:  4    XL:     9   Next: 0%
Magic:  10/23      EV: 13    Int: 28    God:    Vehumet [......]
Gold:   242        SH:  0    Dex: 13    Spells: 15/25 levels left

rFire   . . .      SeeInvis .   a - +5 dagger
rCold   . . .      Faith    .   (no shield)
rNeg    . . .      Spirit   .   R - +0 steam dragon scales
rPois   .          Reflect  .   (no helmet)
rElec   .          Harm     .   (no cloak)
rCorr   .          Rampage  .   L - +0 pair of gloves
Will    .....                   h - +1 pair of boots
Stlth   +++.......              Q - amulet of magic regeneration
HPRegen 0.15/turn               (no ring)
MPRegen 0.58/turn               (no ring)

@: no status effects
A: no striking features
a: Renounce Religion


You were on level 7 of the Dungeon.
You worshipped Vehumet.
Vehumet was noncommittal.
You visited 2 branches of the dungeon, and saw 8 of its levels.

You collected 414 gold pieces.
You spent 172 gold pieces at shops.

Inventory:

Hand Weapons
 a - a +5 dagger (weapon)
 e - a +1 dagger
 g - a +0 dagger
 k - a +0 trident
 r - a +2 short sword of venom
 y - a +0 falchion
 D - a +2 short sword of freezing
 E - a +0 hand axe
 G - a +3 battleaxe of freezing
 J - a +1 falchion
 K - a +2 long sword
 M - a +3 long sword
 N - a +1 scimitar
Missiles
 o - a throwing net
 A - 3 silver boomerangs
Armour
 c - a +0 leather armour
 f - a +1 leather armour of cold resistance
 h - a +1 pair of boots (worn)
 i - a +0 kite shield
 z - a +0 scale mail
 L - a +0 pair of gloves (worn)
 O - a +0 robe
 P - the +1 robe "Icyp" {Int+3}
   (You found it on level 6 of the Dungeon)

   Int:       It affects your intelligence (+3).
 R - +0 steam dragon scales (worn)
Jewellery
 s - an amulet of regeneration
 H - a ring of fire
 Q - an amulet of magic regeneration (around neck)
Wands
 q - a wand of charming (2)
 x - a wand of iceblast (8)
 I - a wand of digging (5)
Scrolls
 j - a scroll of fear
 u - a scroll of immolation
 w - 2 scrolls of teleportation
 C - a scroll of butterflies
 F - a scroll of amnesia
Potions
 b - 3 potions of magic
 d - 5 potions of flight
 l - 3 potions of mutation
 m - 3 potions of curing
 n - 4 potions of lignification
 p - 2 potions of might {unknown}
 t - 3 potions of haste
 v - a potion of attraction {unknown}
 B - 3 potions of resistance {unknown}


   Skills:
 + Level 0.9 Fighting
 + Level 3.3 Dodging
 + Level 6.3 Stealth
 + Level 8.8 Spellcasting
 + Level 8.2 Conjurations
 * Level 5.7 Translocations


You had 15 spell levels left.
You knew the following spells:

 Your Spells              Type           Power      Damage    Failure   Level
a - Magic Dart            Conj           100%       1d8       1%          1
b - Searing Ray           Conj           100%       2d8       1%          2
c - Iskenderun's Mystic   Conj/Tloc      51%        2d11      2%          4
d - Mephitic Cloud        Conj/Pois/Air  27%        N/A       4%          3

Your spell library contained the following spells:

 Spells                   Type           Power      Damage    Failure   Level
 Dazzling Flash           Conj/Hex       70%        N/A       2%          3
 Necrotise                Necr           48%        1d6       4%          1
 Portal Projectile        Hex/Tloc       56%        N/A       4%          3
 Call Imp                 Summ           12%        N/A       7%          2
 Fulminant Prism          Conj/Hex       17%        3d11      9%          4
 Call Canine Familiar     Summ           12%        N/A       14%         3
 Leda's Liquefaction      Hex/Erth       6%         N/A       41%         4
 Starburst                Conj/Fire      17%        6d6       77%         6


Dungeon Overview and Level Annotations

Branches:
Dungeon (7/15) Zot: 26554  Temple (1/1) D:5 Zot: 5919

Altars:
Ashenzari
Cheibriados
Elyvilon
Fedhas
Gozag
Hepliaklqana
Kikubaaqudgha
Makhleb
Okawaru
Qazlal
Sif Muna
Trog
Vehumet
Wu Jian
Xom
Zin
The Shining One

Shops:
D:1 *   D:4 ?   D:5 :


Message History

Casting: Searing Ray (safe; 1% risk of failure)
Confirm with . or Enter, or press ? or * to list all spells.
You erupt in a blast of force!
The mystic blast hits the plant!
The mystic blast hits the steam dragon.
The steam dragon is heavily wounded.
The steam dragon is knocked back by the mystic blast.
Casting: Iskenderun's Mystic Blast (dangerous; 3% risk of failure)
Confirm with . or Enter, or press ? or * to list all spells.
You erupt in a blast of force!
The mystic blast hits the plant!
The mystic blast hits the steam dragon!
You kill the steam dragon!
Vehumet accepts your kill.
The electric eel shoots out a bolt of lightning at you!
The bolt of electricity hits you!
You have reached level 9!
Your experience leads to an increase in your attributes!
Increase (S)trength, (I)ntelligence, or (D)exterity?
You feel clever. x2
Casting: Iskenderun's Mystic Blast (dangerous; 2% risk of failure)
Confirm with . or Enter, or press ? or * to list all spells.
Aiming: Searing Ray (safe; 1% risk of failure)
Press: ? - help, Shift-Dir - straight line, f - orc
Aim: an orc, wielding a +0 whip (83% to hit)
The searing ray hits the orc!
You kill the orc!
Vehumet accepts your kill. (Press . to maintain the ray.)
Casting: Searing Ray (safe; 1% risk of failure)
Confirm with . or Enter, or press ? or * to list all spells.
Restarting spell: Searing Ray (safe; 1% risk of failure)
Press: ? - help, Shift-Dir - straight line, f - electric eel
Aim: an electric eel (72% to hit)
The searing ray hits the electric eel.
The electric eel is lightly wounded. (Press . to maintain the ray.)
The electric eel shoots out a bolt of lightning at you!
The bolt of electricity hits you!
* * * LOW HITPOINT WARNING * * *
The bolt of electricity hits you!
You die...

...##.......#PP~≈≈♣~~
...#####.....~~≈≈♣~♣♣~
....# ####..~≈≈S~~~~♣
....# #.PP≈♣~~~.~~
....## ##.P≈~~S~.~~
.....# #~~~~~...~~
.....# #~~~~#)###
.....# #~♣~~#.# ..####
#~~~.@.# ### #P~~.###
# #.~~## # ##.## #. .#
#. ##


You could see an electric eel.

Vanquished Creatures
  2 steam dragons (D:7)
  2 water moccasins (D:5)
  An orc warrior (D:6)
  A black bear (D:7)
  A centaur (D:5)
  3 phantoms
  Blork the orc (D:6)
  A scorpion (D:5)
  8 wights (D:6)
  3 hounds
  3 orc priests
  2 orc wizards (D:7)
  An iguana (D:6)
  3 gnolls (D:4)
  8 adders
  3 white imps
  2 worms (D:3)
  2 dart slugs (D:1)
  16 orcs
  8 ball pythons
  9 bats
  8 endoplasms
  A giant cockroach (D:4)
  10 goblins
  5 hobgoblins
  2 jackals (D:4)
  4 quokkas
  4 frilled lizards
  8 kobolds
  10 rats
132 creatures vanquished.

Vanquished Creatures (others)
  39 plants (D:7)
39 creatures vanquished.

Grand Total: 171 creatures vanquished

Notes
Turn   | Place    | Note
-------+----------+-------------------------------------------
     0 | D:1      | mortz the Deep Elf Conjurer began the quest for the Orb.
     0 | D:1      | Reached XP level 1. HP: 10/10 MP: 6/6
   244 | D:1      | Reached XP level 2. HP: 9/15 MP: 2/8
   247 | D:1      | Learned a level 2 spell: Searing Ray
   598 | D:1      | Found Iwkeil's Assorted Antiques.
  1240 | D:2      | Reached skill level 5 in Conjurations
  1302 | D:2      | Reached XP level 3. HP: 19/19 MP: 4/9
  1450 | D:2      | Reached skill level 1 in Translocations
  1912 | D:2      | Reached XP level 4. HP: 21/24 MP: 6/11
  2320 | D:1      | Bought 2 green potions for 48 gold pieces
  2320 | D:1      | Bought a fuming emerald potion for 24 gold pieces
  2320 | D:1      | Bought a sedimented yellow potion for 24 gold pieces
  2320 | D:1      | Bought a lumpy puce potion for 24 gold pieces
  3061 | D:3      | Reached XP level 5. HP: 28/28 MP: 2/13
  3584 | D:3      | Found a burning altar of Makhleb.
  3960 | D:4      | Found an iron altar of Okawaru.
  4315 | D:4      | Found an opulent altar of Gozag.
  4639 | D:4      | Found Menyul's Magic Scroll Boutique.
  4642 | D:4      | Bought a scroll of identify for 26 gold pieces
  4642 | D:4      | Bought a scroll of identify for 26 gold pieces
  4740 | D:4      | Noticed a phantom
  4752 | D:4      | Killed a phantom
  4753 | D:4      | Reached XP level 6. HP: 32/32 MP: 6/15
  4924 | D:4      | Found a hazy altar of Hepliaklqana.
  4925 | D:4      | Found a shimmering altar of Xom.
  4926 | D:4      | Noticed a spectral ugly thing
  5160 | D:5      | Entered Level 5 of the Dungeon
  5286 | D:5      | Reached skill level 5 in Spellcasting
  5380 | D:5      | Noticed a water moccasin
  5385 | D:5      | Killed a water moccasin
  5386 | D:5      | Reached XP level 7. HP: 36/36 MP: 9/17
  5396 | D:5      | Learned a level 4 spell: Iskenderun's Mystic Blast
  5508 | D:5      | Found a staircase to the Ecumenical Temple.
  5516 | Temple   | Entered the Ecumenical Temple
  5694 | D:5      | Found Iviply's Book Boutique.
  6339 | D:6      | Reached skill level 5 in Stealth
  6345 | D:6      | Reached XP level 8. HP: 27/41 MP: 8/20
  6648 | D:6      | Found a shimmering blue altar of Sif Muna.
  6649 | D:6      | Found an ancient bone altar of Kikubaaqudgha.
  6649 | D:6      | Found a radiant altar of Vehumet.
  6652 | D:6      | Got Kikubaaqudgha's Collected Works on Stolen Souls
  6662 | D:6      | Became a worshipper of Vehumet
  6753 | D:6      | Identified the +1 robe "Icyp" {Int+3}
  6768 | D:6      | Learned a level 3 spell: Mephitic Cloud
  6798 | D:6      | Noticed Blork the orc
  6819 | D:6      | Reached skill level 5 in Translocations
  6833 | D:6      | Killed Blork the orc
  7993 | D:7      | Reached XP level 9. HP: 18/46 MP: 12/23
  7995 | D:7      | Killed from afar by an electric eel

Illustrated notes

Levels and vault maps discovered:
D:1:      minmay_arrival_glassed_features, layout_loops_corners, serial_shops,
          nicolae_shop_hallway_plus, st_stairs_12
D:2:      minmay_razor_zed, layout_loops_ring
D:3:      kb_forest_paths, layout_rooms, lightli_temple_of_fire,
          minmay_statues_item
D:4:      layout_loops_corners, regret_index_temple_of_mockery,
          mainiacjoe_overflow_swirl, serial_shops, shop_statue
D:5:      layout_rooms, minmay_temple_entry_glassed_door, serial_shops,
          nicolae_shop_behind_doors, st_stairs_4
D:6:      layout_basic, grunt_temple_overflow_magic_moments,
          dk_rats_in_the_wall, uniq_blork_the_orc
D:7:      minmay_recursive_quarters, layout_cave_pods, serial_bayou_lagoon_a,
          bh_walls_and_bars
Temple:   dpeg_three_leaves_temple

Skill      XL: |  1  2  3  4  5  6  7  8 |
---------------+-------------------------+-----
Conjurations   | 5 6 7 8 |  8.2
Translocations | 1 2 3 4 5 |  5.7
Stealth        | 3 4 5 6 |  6.3
Spellcasting   | 4 5 7 8 |  8.8
Dodging        | 3 |  3.3
Fighting       | |  0.9

Action                   |  1- 3 |  4- 6 |  7- 9 || total
-------------------------+-------+-------+-------++-------
Melee: Dagger            |     1 |       |       ||     1
       Short sword       |       |     2 |     1 ||     3
 Cast: Magic Dart        |    42 |    57 |    30 ||   129
       Searing Ray       |    10 |    34 |    29 ||    73
       Iskenderun's Myst |       |       |     5 ||     5
  Use: Scroll            |     5 |     7 |     5 ||    17
       Potion            |       |     1 |     3 ||     4
 Stab: Sleeping          |     1 |     2 |     1 ||     4
Armor: Robe              |       |     5 |     1 ||     6
Dodge: Dodged            |     2 |    14 |    13 ||    29
